cohdb
Replays
Latest Replays
All Replays
Popular Replays
Top Player Replays
Match Explorer
How It Works
Community
CoH3 Stats
Reddit
Sign in to upload your games and track your stats! →
Sign in with Steam
Match 41902403
Unlisted
Match 41902403
Overview
Messages
Build Orders
End
Panzergrenadier Squad
Selects Battlefield Espionage Battlegroup
250 Light Carrier
Panzerpioneer Squad
Construct Light Support Kompanie
Assault Grenadier Squad
MG34 Team
Panzerjäger Mechanized Group
2.5-tonne Medical Truck
Selects 250/3 Funkpanzerwagen
Construct Mechanized Kompanie
250/3 Funkpanzerwagen
8 Rad Armored Car
Marder III Tank Destroyer
Support Armor Elements
18-tonne Recovery Half-track
Vincent
XuZhongwei
0
0
Comments
sign in to comment!
No comments posted yet!